[Event "*** Titled Tuesday Blitz"]
[Site "Chess.com"]
[Date "2020.04.07"]
[Round "7"]
[White "XDPS"]
[Black "Abdimalik_Abdisalimov"]
[Result "1-0"]
[WhiteElo "2719"]
[BlackElo "2843"]
[TimeControl "180+1"]
[EndTime "14:17:31 PDT"]
[Termination "XDPS won by resignation"]

1. e4 e5 2. Nf3 Nc6 3. Bb5 Nf6 4. Nc3 Bb4 5. Nd5 Bc5 6. O-O O-O 7. c3 Nxd5 8. exd5 Ne7 9. Nxe5 Nxd5 10. d4 Be7 11. Qf3 Nb6 12. Bd3 d6 13. Ng4 Bg5 14. Ne3 c6 15.
Bd2 Be6 16. Qg3 Re8 17. f4 Bh4 18. Qf3 Bd7 19. Nf5 Bxf5 20. Bxf5 g6 21. Bd3 Nd5 22. g3 Bf6 23. h4 Bg7 24. f5 Rf8 25. Rae1 Qb6 26.
Bc1 Rae8 27. Rxe8 Rxe8 28. fxg6 Rf8 29. gxf7+ Kh8 30. Qh5 Bxd4+ 31. Kh1 1-0

[Event "*** Titled Tuesday Blitz"]
[Site "Chess.com"]
[Date "2020.04.07"]
[Round "7"]
[White "boasovietica"]
[Black "francyIM"]
[Result "1/2-1/2"]
[WhiteElo "2440"]
[BlackElo "2653"]
[TimeControl "180+1"]
[EndTime "14:17:31 PDT"]
[Termination "Game drawn by repetition"]

1. e4 e5 2. Nf3 Nc6 3. Nc3 Nf6 4.
d4 exd4 5. Nxd4 Bb4 6. Nxc6 bxc6 7. Bd3 d5 8. exd5 O-O 9. O-O Bg4 10. Be2 Bxe2 11.
Nxe2 cxd5 12. c3 Be7 13. Bg5 c6 14. Ng3 Qd7 15. Qd3 Rfe8 16. Rfe1 h6 17. Be3 Bf8 18. Rad1 c5 19. a3 Re6 20. b4 cxb4 21. axb4 Qc6 22. Bd4 Ne4 23. Nxe4 dxe4 24. Qe3 a6 25. Ra1 Rd8 26.
Ra5 Qc4 27. Ra4 Be7 28. Qe2 Qxe2 29. Rxe2 Bf6 30. Rd2 Bxd4 31. cxd4 Red6 32. g3 Rxd4 33. Rxd4 Rxd4 34. Rxa6 Rxb4 35. Ra8+ Kh7 36. Ra7 Kg8 37. Kg2 g5 38. Ra6 Kg7 39. Rc6 f6 40. h3 Kg6 41. g4 Rd4 42. Re6 Ra4 43. Rb6 Rc4 44. Rd6 Kf7 45. Rd7+ Kg6 46. Rd6 Rc2 47. Re6 Rc4 48.
Rd6 1/2-1/2

[Event "*** Titled Tuesday Blitz"]
[Site "Chess.com"]
[Date "2020.04.07"]
[Round "7"]
[White "econpower"]
[Black "Mops_2004"]
[Result "0-1"]
[WhiteElo "2719"]
[BlackElo "2563"]
[TimeControl "180+1"]
[EndTime "14:17:32 PDT"]
[Termination "Mops_2004 won by resignation"]

1. c4 g6 2. g3 Bg7 3. Bg2 Nf6 4. Nc3 O-O 5. e3 e5 6. Nge2 c6 7. O-O d6 8. d3 a5 9. h3 Na6 10. Kh2 Re8 11. g4 Bxg4 12. hxg4 Nxg4+ 13. Kg3 f5 14. f3 f4+ 15. exf4 exf4+ 16. Bxf4 Ne3 17. Bxe3 Rxe3 18.
Rh1 Qb6 19. d4 Rae8 20. Qd2 Qd8 21. Kf2 d5 22. cxd5 cxd5 23. Qxe3 Rxe3 24. Kxe3 Nb4 25. Kf2 Nd3+ 26. Ke3 Nxb2 27. Rab1 Qg5+ 28. Nf4 Nc4+ 0-1

[Event "*** Titled Tuesday Blitz"]
[Site "Chess.com"]
[Date "2020.04.07"]
[Round "7"]
[White "Caclox"]
[Black "DerKnipser"]
[Result "1-0"]
[WhiteElo "2484"]
[BlackElo "2311"]
[TimeControl "180+1"]
[EndTime "14:17:32 PDT"]
[Termination "Caclox won by resignation"]

1. e4 c5 2. Nf3 d6 3. d4 cxd4 4. Nxd4 Nf6 5. Nc3 g6 6. Be3 Bg7 7. f3 O-O 8. Qd2 Nc6 9. Bc4 Bd7 10. O-O-O Ne5 11. Bb3 Qa5 12. h4 Rfc8 13. Kb1 Nc4 14.
Bxc4 Rxc4 15. Nb3 Qa6 16. g4 Rxc3 17. bxc3 Bxg4 18. Rdf1 Rc8 19. Bd4 Be6 20. h5 Qb5 21. hxg6 hxg6 22. Rfg1 Bc4 23. Rg5 e5 24. Be3 a5 25.
Ka1 a4 26. Nc1 Nd7 27. Qxd6 Bf8 28. Rxg6+ fxg6 29. Qxg6+ Bg7 30. Rg1 Kf8 31. Qxg7+ Ke8 32.
Rh1 Nf8 33. Rh8 1-0

[Event "*** Titled Tuesday Blitz"]
[Site "Chess.com"]
[Date "2020.04.07"]
[Round "7"]
[White "jk13"]
[Black "nihalsarin"]
[Result "1/2-1/2"]
[WhiteElo "2836"]
[BlackElo "3071"]
[TimeControl "180+1"]
[EndTime "14:17:33 PDT"]
[Termination "Game drawn by repetition"]

1. e4 c6 2. Nc3 d5 3. Nf3 g6 4. d4 Bg7 5. h3 dxe4 6. Nxe4 Nf6 7. Nxf6+ exf6 8. Bc4 O-O 9. O-O Nd7 10. c3 Nb6 11. Bb3 a5 12. a4 Re8 13. Re1 Bf5 14.
Bf4 Qd7 15. Qd2 Be6 16. Bxe6 Rxe6 17. b3 Nd5 18. Bg3 Rae8 19. Rxe6 Rxe6 20. Re1 Bf8 21.
Rxe6 Qxe6 22. c4 Nb4 23. Bc7 Qf5 24. Qe3 Nc2 25. Qe2 Kg7 26. g4 Qd7 27. Bb6 Nb4 28. Bxa5 h5 29. Bxb4 Bxb4 30. gxh5 Qxh3 31. hxg6 Qg4+ 32. Kf1 Qh3+ 33. Kg1 Qg4+ 34. Kh1 Qh5+ 35.
Kg2 Qxg6+ 36. Kh3 Qh5+ 37. Kg2 Qg4+ 38. Kh1 Qh5+ 39. Kg2 Qg4+ 40. Kf1 Qh3+ 41. Kg1 Qg4+ 42. Kh1 Qh5+ 43. Kg2 1/2-1/2

[Event "*** Titled Tuesday Blitz"]
[Site "Chess.com"]
[Date "2020.04.07"]
[Round "7"]
[White "igorkovalenko"]
[Black "harvsp123"]
[Result "1-0"]
[WhiteElo "2919"]
[BlackElo "2569"]
[TimeControl "180+1"]
[EndTime "14:17:35 PDT"]
[Termination "igorkovalenko won by resignation"]

1. d4 Nf6 2. Nf3 g6 3. Bf4 Bg7 4. e3 d6 5. h3 O-O 6. c3 Nbd7 7.
Bh2 b6 8. a4 a5 9. Bb5 Bb7 10.
O-O e6 11. Nbd2 Qe7 12. Re1 e5 13. dxe5 Nxe5 14. Nxe5 dxe5 15. Qe2 Rad8 16. Rad1 Nd5 17. Qc4 c6 18. Bxc6 Nxe3 19. fxe3 Rc8 20. Qb3 Bxc6 21. Qxb6 Rfd8 22. Nf1 Rxd1 23. Rxd1 Qg5 24. Rd2 Bh6 25. Qxa5 Qf5 26. Qxe5 Qb1 27. Bf4 Bg7 28. Qa5 Bf6 29.
Qa6 Qf5 30. Ng3 Qe6 31. Rd6 Qe8 32. Rxf6 1-0

[Event "*** Titled Tuesday Blitz"]
[Site "Chess.com"]
[Date "2020.04.07"]
[Round "7"]
[White "otrov-11"]
[Black "BeanScreen"]
[Result "0-1"]
[WhiteElo "2418"]
[BlackElo "2612"]
[TimeControl "180+1"]
[EndTime "14:17:35 PDT"]
[Termination "BeanScreen won by resignation"]

1. d4 d5 2. c4 dxc4 3. e3 e5 4. Bxc4 exd4 5. exd4 Bd6 6. Nf3 Nf6 7. h3 O-O 8. O-O h6 9. Nc3 Nc6 10. Be3 Bf5 11. a3 Re8 12. b4 a6 13. Qb3 Qd7 14.
Rad1 b5 15. Be2 Bxh3 16. gxh3 Qxh3 17. Nd5 Ng4 18. Rfe1 Rxe3 19. Qxe3 Bh2+ 20. Kh1 Nxe3 21. Nxe3 Bf4+ 22. Kg1 Re8 23. Bf1 Qxf3 24. Bg2 Qh5 25. Bxc6 Re6 26. Bg2 Rg6 27. Kf1 Qh2 28. Be4 Rg1+ 29.
Ke2 Rxe1+ 30. Rxe1 Qh5+ 31. Bf3 Qg6 32. Rc1 Qe6 33.
d5 Qe5 34. Rc2 h5 35. d6 Qxd6 36. Bxh5 Bxe3 37. fxe3 Qh2+ 0-1

[Event "*** Titled Tuesday Blitz"]
[Site "Chess.com"]
[Date "2020.04.07"]
[Round "7"]
[White "chabo96"]
[Black "GMNeiksans"]
[Result "0-1"]
[WhiteElo "2593"]
[BlackElo "2838"]
[TimeControl "180+1"]
[EndTime "14:17:36 PDT"]
[Termination "GMNeiksans won by resignation"]

1. e4 c5 2. a3 g6 3. Bc4 Bg7 4. Nc3 e6 5. Ba2 Nc6 6. d3 Nge7 7. h4 h6 8. h5 g5 9. f4 gxf4 10. Bxf4 d6 11. Nf3 Nd4 12. Qd2 Nec6 13. O-O b6 14. Nxd4 Nxd4 15. Qf2 O-O 16. Qg3 Kh8 17. Bxd6 Rg8 18.
Rxf7 Nf5 19. exf5 Bd4+ 20. Kh2 Rxg3 21. Bxg3 Qg5 22. Kh3 Qxh5+ 23. Bh4 Qxf7 24. Rf1 Bf6 25. fxe6 Bxe6+ 26. Kh2 Be5+ 27. Kg1 Bd4+ 0-1

[Event "*** Titled Tuesday Blitz"]
[Site "Chess.com"]
[Date "2020.04.07"]
[Round "7"]
[White "vovachesss"]
[Black "freshfoodcompany"]
[Result "1-0"]
[WhiteElo "2612"]
[BlackElo "2217"]
[TimeControl "180+1"]
[EndTime "14:17:38 PDT"]
[Termination "vovachesss won by checkmate"]

1. e4 c5 2. d4 cxd4 3. c3 dxc3 4. Nxc3 Nc6 5. Nf3 g6 6. Bc4 Bg7 7. h4 e6 8. h5 Nge7 9. h6 Bxc3+ 10. bxc3 Qc7 11. Bb3 Na5 12. Qd4 Rg8 13. Ba3 Nxb3 14.
axb3 d5 15. O-O Bd7 16. Ne5 Nc6 17. Nxc6 Bxc6 18. Qf6 Qd8 19. Qf4 Qd7 20. Rfd1 O-O-O 21. e5 Qc7 22. Bd6 Qb6 23. b4 a6 24. Ra5 Rd7 25.
Rc5 Kd8 26. Qf6+ Ke8 27. Qg7 Rxg7 28. hxg7 Rxd6 29. g8=Q+ Ke7 30. exd6+ Kxd6 31. Qf8+ Ke5 32. Qe7 f5 33. Re1+ Kf4 34. Qh4# 1-0

[Event "*** Titled Tuesday Blitz"]
[Site "Chess.com"]
[Date "2020.04.07"]
[Round "7"]
[White "TheKingDoctor"]
[Black "MaxLeto"]
[Result "1-0"]
[WhiteElo "2109"]
[BlackElo "2284"]
[TimeControl "180+1"]
[EndTime "14:17:40 PDT"]
[Termination "TheKingDoctor won by resignation"]

1. e4 c6 2. Nc3 d5 3. d4 dxe4 4. Nxe4 Bf5 5. Ng3 Bg6 6. Bc4 e6 7. N1e2 Nf6 8. h4 Nbd7 9. h5 Be4 10. Nxe4 Nxe4 11. Nc3 Nxc3 12. bxc3 Qa5 13. Qf3 Nb6 14. Be2 c5 15. Bd2 cxd4 16. cxd4 Qd5 17. h6 Qxf3 18.
Bxf3 O-O-O 19. c3 Nd5 20. c4 Nb6 21. c5 Nc4 22. Rb1 Rd7 23. Bf4 gxh6 24. c6 e5 1-0

[Event "*** Titled Tuesday Blitz"]
[Site "Chess.com"]
[Date "2020.04.07"]
[Round "7"]
[White "Hikaru"]
[Black "swimmerchess"]
[Result "1-0"]
[WhiteElo "3263"]
[BlackElo "2842"]
[TimeControl "180+1"]
[EndTime "14:17:42 PDT"]
[Termination "Hikaru won by resignation"]

1. e4 c5 2. Nf3 d6 3. Bb5+ Nd7 4. Ba4 Nf6 5. O-O a6 6. c4 Nxe4 7. Re1 Nf6 8. d4 cxd4 9. Nxd4 g6 10. Nc3 Bg7 11. Qe2 e5 12. Bg5 O-O 13. Nf3 Nc5 14. Bc2 Bg4 15. h3 Bxf3 16. Qxf3 Ne6 17. Bxf6 Bxf6 18. Qxb7 Nd4 19. Bb3 Rb8 20. Qd5 Qb6 21.
Ne4 Bg7 22. Nxd6 Ne6 23. Nxf7 Rxf7 24. c5 Qxc5 25. Qxe6 Qxf2+ 26. Kh1 Rf8 27. Rf1 Qxb2 28. Rxf7 Qxa1+ 29. Rf1+ 1-0

[Event "*** Titled Tuesday Blitz"]
[Site "Chess.com"]
[Date "2020.04.07"]
[Round "7"]
[White "Fins0905"]
[Black "GHANDEEVAM2003"]
[Result "0-1"]
[WhiteElo "2730"]
[BlackElo "2965"]
[TimeControl "180+1"]
[EndTime "14:17:42 PDT"]
[Termination "GHANDEEVAM2003 won by checkmate"]

1. d4 d5 2. c4 e6 3. Nc3 c6 4. cxd5 exd5 5. Qc2 Bd6 6. Nf3 Ne7 7. Bg5 f6 8. Bh4 O-O 9. e3 Bf5 10. Bd3 Qd7 11.
Bg3 Bg6 12. Bxd6 Qxd6 13. O-O Na6 14. a3 Nc7 15. b4 a6 16. Na4 Kh8 17. Nc5 Rab8 18.
Rab1 Bh5 19. Nd2 f5 20. f4 b6 21. Na4 Nb5 22. Qb2 Rg8 23. Nf3 Bxf3 24. Rxf3 g5 25.
fxg5 Rxg5 26. Rbf1 Qe6 27. Nc3 Rbg8 28. R1f2 Nd6 29.
Bxa6 b5 30. a4 f4 31. axb5 cxb5 32. Bxb5 fxe3 33. Re2 Nef5 34. Bd3 Nh4 35. Rfxe3 Rxg2+ 36. Kf1 Rg1+ 37. Kf2 R8g2# 0-1

[Event "*** Titled Tuesday Blitz"]
[Site "Chess.com"]
[Date "2020.04.07"]
[Round "7"]
[White "BobanBogosavljevic"]
[Black "stefan_95"]
[Result "1-0"]
[WhiteElo "2784"]
[BlackElo "2642"]
[TimeControl "180+1"]
[EndTime "14:17:43 PDT"]
[Termination "BobanBogosavljevic won by resignation"]

1. Nf3 Nf6 2. c3 e6 3. g3 Be7 4. Bg2 O-O 5. O-O d5 6. d3 c5 7.
a4 Nc6 8. Nbd2 d4 9. Nc4 Nd5 10. Qb3 Bf6 11. a5 dxc3 12. bxc3 Bxc3 13. Bb2 Bxb2 14. Qxb2 Ndb4 15. Rfc1 Qe7 16. Nfe5 f6 17.
Nxc6 bxc6 18. Nd2 e5 19. Ne4 Na6 20. Qa3 Be6 21. Nxc5 Nxc5 22. Qxc5 Qxc5 23. Rxc5 Rab8 24. Rxc6 Bg4 25. Bd5+ Kh8 26. f3 Bh5 27. a6 Rfd8 28. Ra5 Rd7 29. Rac5 h6 30. Rc8+ Rxc8 31. Rxc8+ Kh7 32.
Bg8+ Kg6 33. g4 Bxg4 34. fxg4 Rd6 35. Bc4 Kg5 36. Rc7 1-0

[Event "*** Titled Tuesday Blitz"]
[Site "Chess.com"]
[Date "2020.04.07"]
[Round "7"]
[White "Firegrizzly"]
[Black "WelshTiger"]
[Result "1-0"]
[WhiteElo "2607"]
[BlackElo "2414"]
[TimeControl "180+1"]
[EndTime "14:17:43 PDT"]
[Termination "Firegrizzly won by resignation"]

1. e4 c5 2. Nf3 Nc6 3. Bb5 g6 4. Bxc6 bxc6 5. d4 Bg7 6. dxc5 Qa5+ 7. Nbd2 Qxc5 8. O-O d6 9. h3 Nf6 10. c4 O-O 11. Rb1 Qa5 12. a3 c5 13. b4 Qc7 14.
Bb2 Bb7 15. Re1 Rfd8 16. b5 a6 17. a4 axb5 18. axb5 Ra2 19. Qb3 Rda8 20. e5 dxe5 21.
Bxe5 Qd7 22. Bb2 Qf5 23. Ra1 Rxa1 24. Rxa1 Rd8 25. Qe3 Nh5 26. Bxg7 Kxg7 27. Qxe7 Rd7 28. Qe3 Nf4 29. Ra7 Rd3 30. Qe5+ Qxe5 31. Nxe5 Rxd2 32. Rxb7 Rc2 33. Rxf7+ Kg8 34. Rxf4 1-0

[Event "*** Titled Tuesday Blitz"]
[Site "Chess.com"]
[Date "2020.04.07"]
[Round "7"]
[White "TomPolgar"]
[Black "Ariadna_Atreides"]
[Result "1-0"]
[WhiteElo "2313"]
[BlackElo "2041"]
[TimeControl "180+1"]
[EndTime "14:17:43 PDT"]
[Termination "TomPolgar won by resignation"]

1. e4 c5 2. Nf3 d6 3. Bb5+ Bd7 4. Bxd7+ Qxd7 5. O-O Nf6 6. e5 dxe5 7. Nxe5 Qc8 8. Nc3 e6 9. d3 Bd6 10. Nc4 Be7 11. Bf4 O-O 12. Nb5 Nd5 13. Bg3 Nc6 14. c3 a6 15. Nbd6 Qd7 16. a4 b5 17.
axb5 axb5 18. Rxa8 Rxa8 19. Nxb5 f6 20. Re1 e5 21.
Qb3 Kh8 22. Nba3 Rb8 23. Qc2 Qb7 24. h3 Qb3 25. Qe2 Nxc3 26. bxc3 Qxc3 27. Qe4 Nd4 28. Kh2 Rb3 29. Qa8+ 1-0

[Event "*** Titled Tuesday Blitz"]
[Site "Chess.com"]
[Date "2020.04.07"]
[Round "7"]
[White "Semen16"]
[Black "Haykos"]
[Result "0-1"]
[WhiteElo "2402"]
[BlackElo "2592"]
[TimeControl "180+1"]
[EndTime "14:17:44 PDT"]
[Termination "Haykos won by resignation"]

1. e4 c5 2. c3 d5 3. exd5 Qxd5 4. d4 Nc6 5. Nf3 Bg4 6. Be2 e6 7. O-O Nf6 8. h3 Bh5 9. Na3 cxd4 10. Nb5 Qd7 11.
Nbxd4 Nxd4 12. Nxd4 Bxe2 13. Qxe2 Bc5 14. Rd1 O-O 15.
Nb3 Qc6 16. Nxc5 Qxc5 17. Be3 Qf5 18. Rd2 Rfd8 19. Rad1 Rxd2 20. Qxd2 h6 21. Qd6 Nd5 22. c4 Nxe3 23. fxe3 Qc2 24. Qd4 Rc8 25. Rd3 Rxc4 26. Qd8+ Kh7 27. Rb3 b6 28. Qd7 Qf5 29. Qd1 Rc2 30.
Kh1 Qf2 31. Qg4 f5 32. Qf3 Qxf3 33. gxf3 Kg6 34. Rb4 Rf2 35. f4 Rf3 36. Kg2 Rxe3 37. Rb5 Kf6 38. b3 Re2+ 39. Kf3 Rxa2 40. Rb4 Rh2 41.
Kg3 Rc2 42. Ra4 Rc3+ 43. Kg2 a5 44. Ra3 Rd3 45. Kh2 Rf3 46. Ra4 Rxb3 47. Kg2 Rb4 0-1

[Event "*** Titled Tuesday Blitz"]
[Site "Chess.com"]
[Date "2020.04.07"]
[Round "7"]
[White "NIGWAPO"]
[Black "mbachez"]
[Result "1-0"]
[WhiteElo "2598"]
[BlackElo "2376"]
[TimeControl "180+1"]
[EndTime "14:17:47 PDT"]
[Termination "NIGWAPO won by resignation"]

1. e4 e6 2. d4 d5 3. Bd3 c5 4. exd5 exd5 5. Nf3 Nc6 6. O-O c4 7. Re1+ Be7 8. Bf1 Nf6 9. c3 O-O 10. Bf4 Bf5 11. Nbd2 b5 12. a3 a5 13. Ne5 Nxe5 14. Bxe5 Nd7 15. Qf3 Be6 16. Bf4 Bg5 17. g3 Bxf4 18.
Qxf4 Nb6 19. Nf3 h6 20. h4 Na4 21. Re2 b4 22. axb4 axb4 23. Rc1 Qb6 24. Ne5 Rab8 25. Bg2 b3 26. Rce1 Qa5 27. Nc6 Qb6 28. Ne7+ Kh7 29.
Nxd5 Qa5 30. Nc7 Nxb2 31. Rxb2 Qxc3 32. Rbb1 b2 33. d5 Bd7 34. d6 Kg8 35. Nd5 Qc2 36. Be4 Qb3 37. Qe3 Qb5 38. Qd4 Rfd8 39. Ne7+ Kf8 40. Bd5 Be8 41. Bxc4 Qb4 42. Nf5 1-0

[Event "*** Titled Tuesday Blitz"]
[Site "Chess.com"]
[Date "2020.04.07"]
[Round "7"]
[White "DraskovicL"]
[Black "RojonR"]
[Result "1-0"]
[WhiteElo "2564"]
[BlackElo "2396"]
[TimeControl "180+1"]
[EndTime "14:17:47 PDT"]
[Termination "DraskovicL won on time"]

1. c4 Nf6 2. Nf3 e6 3. b3 d5 4. Bb2 Be7 5. e3 O-O 6. g3 c5 7. Bg2 Nc6 8. O-O b6 9. Nc3 Bb7 10.
cxd5 exd5 11. d4 Ne4 12. Rc1 cxd4 13. Nxe4 dxe4 14. Nxd4 Nxd4 15. Qxd4 Qxd4 16. Bxd4 Rac8 17. Bh3 Rxc1 18. Rxc1 Bd6 19. Bd7 Rd8 20. Bb5 Kf8 21.
Kf1 f6 22. Ke2 Ke7 23. Rc2 Rc8 24. Rxc8 Bxc8 25. Bc6 f5 26. Bxg7 Ba6+ 27. Kd2 Bb4+ 28. Bc3 Bc5 29. Bd5 Bc8 30. Bg8 h5 31. h4 a5 32. Bc4 Kd6 33. Be2 Be6 34. Bxh5 Ba3 35.
Be2 a4 36. bxa4 Bxa2 37. h5 Bg8 38. h6 Kc5 39. Bb5 1-0

[Event "*** Titled Tuesday Blitz"]
[Site "Chess.com"]
[Date "2020.04.07"]
[Round "7"]
[White "VinzentSpitzl"]
[Black "mattcolins2025"]
[Result "0-1"]
[WhiteElo "2345"]
[BlackElo "2252"]
[TimeControl "180+1"]
[EndTime "14:17:49 PDT"]
[Termination "mattcolins2025 won by resignation"]

1. e4 c5 2. Nf3 e6 3. g3 Nc6 4. Bg2 Nf6 5. Qe2 d5 6. exd5 Nxd5 7. O-O Be7 8. Nc3 O-O 9. Nxd5 exd5 10. d3 Bf6 11. c3 Bf5 12. Bf4 Re8 13. Qd2 d4 14.
cxd4 cxd4 15. Rfe1 Qd7 16. Ng5 Be7 17. Ne4 Bb4 18.
Qc2 Bxe1 19. Rxe1 Bg6 20. Rc1 a5 21. Nc5 Qe7 22. Nxb7 Nb4 23. Qc4 Bxd3 24. Qxd4 Rac8 25. Rd1 Ba6 26. Nd6 Rcd8 27. Qb6 Qe2 28. Rf1 Rf8 29.
Qxa5 Qxb2 30. Rd1 Be2 31. Re1 Nd3 32. Rxe2 Qxe2 33. Qb6 Nxf4 34. gxf4 Qd1+ 0-1

[Event "*** Titled Tuesday Blitz"]
[Site "Chess.com"]
[Date "2020.04.07"]
[Round "7"]
[White "Azeryahu"]
[Black "vizumatv4hoda"]
[Result "0-1"]
[WhiteElo "2853"]
[BlackElo "2741"]
[TimeControl "180+1"]
[EndTime "14:17:50 PDT"]
[Termination "vizumatv4hoda won on time"]

1. g3 Nf6 2. Bg2 g6 3. e4 d6 4. d4 Bg7 5. Nc3 O-O 6. Nge2 Nc6 7. O-O e5 8. h3 exd4 9. Nxd4 Nxd4 10. Qxd4 Be6 11.
Qb4 b6 12. Bg5 h6 13. Bf4 Nd7 14. Nd5 a5 15. Qa3 Re8 16. Rad1 Nc5 17. e5 g5 18. exd6 Bxd5 19. dxc7 Qc8 20. Bxd5 gxf4 21. Bxa8 Qxa8 22. Rfe1 Rxe1+ 23. Rxe1 Qc8 24. b4 Ne6 25. bxa5 bxa5 26. Qxa5 Nxc7 27. gxf4 Ne6 28. Qf5 Qc3 29. Re4 Qxc2 0-1

[Event "*** Titled Tuesday Blitz"]
[Site "Chess.com"]
[Date "2020.04.07"]
[Round "7"]
[White "JonahWillow"]
[Black "IMUltimateBeast"]
[Result "0-1"]
[WhiteElo "2765"]
[BlackElo "2656"]
[TimeControl "180+1"]
[EndTime "14:17:50 PDT"]
[Termination "IMUltimateBeast won by checkmate"]

1. e4 c5 2. Nf3 e6 3. d4 cxd4 4.
Nxd4 Nf6 5. Nc3 Nc6 6. Ndb5 d6 7.
Bf4 e5 8. Bg5 a6 9. Na3 b5 10.
Nd5 Be7 11. Bxf6 Bxf6 12. c4 O-O 13. cxb5 Nd4 14. bxa6 Bxa6 15. Bxa6 Qa5+ 16. Qd2 Qxa6 17. Nxf6+ gxf6 18. f3 Rfc8 19. Kf2 Qb6 20. Kg3 f5 21. exf5 Nxf5+ 22. Kh3 d5 23. Qg5+ Ng7 24. Rab1 Rc6 25. g4 Rg6 26. Qd2 Ne6 27. Kg3 h5 28. h3 Qb8 29. Rhf1 e4+ 30. f4 d4 31. Qf2 hxg4 32. hxg4 f5 33. Rg1 Kf7 34. Qh2 Qxf4+ 35. Kg2 Qf3# 0-1

[Event "*** Titled Tuesday Blitz"]
[Site "Chess.com"]
[Date "2020.04.07"]
[Round "7"]
[White "Squirlolz"]
[Black "joshdaruca"]
[Result "0-1"]
[WhiteElo "2580"]
[BlackElo "2765"]
[TimeControl "180+1"]
[EndTime "14:17:50 PDT"]
[Termination "joshdaruca won by checkmate"]

1. e4 c5 2. c3 Nf6 3. e5 Nd5 4. Bc4 Nb6 5. Bb3 Nc6 6. d4 cxd4 7. cxd4 d5 8. Bc2 g6 9. Nc3 Bg7 10. Nf3 Bf5 11. Bxf5 gxf5 12. O-O e6 13. Bg5 Qd7 14. b3 a6 15. Qd2 O-O 16. Bh6 Qe7 17. Rfe1 Rfc8 18.
Bxg7 Kxg7 19. Ne2 Rc7 20. Nf4 Nd7 21. Nh5+ Kh8 22. Qh6 Qf8 23. Qf4 Nb4 24. Rad1 Nxa2 25. Ng5 h6 26. Nxf7+ Qxf7 27. Qxh6+ Qh7 28. Qxe6 Qxh5 29.
Rd3 Rg8 30. Kh1 Rc3 31. Rxc3 Nxc3 32. Qxd7 Qg4 33. Rg1 Ne4 34. h3 Nxf2+ 35. Kh2 Qg3# 0-1

[Event "*** Titled Tuesday Blitz"]
[Site "Chess.com"]
[Date "2020.04.07"]
[Round "7"]
[White "varacalli"]
[Black "MartinCerveny"]
[Result "0-1"]
[WhiteElo "2409"]
[BlackElo "2638"]
[TimeControl "180+1"]
[EndTime "14:17:50 PDT"]
[Termination "MartinCerveny won by resignation"]

1. e4 c5 2. Nf3 d6 3. d4 cxd4 4. Nxd4 Nf6 5. Nc3 a6 6. f4 e5 7.
Nf3 Nbd7 8. a4 Be7 9. Bd3 O-O 10. O-O exf4 11. Bxf4 Nc5 12. Kh1 Bg4 13. Qd2 Bh5 14. Rae1 Bg6 15. Nd4 Qb6 16. a5 Qxb2 17. Rb1 Qa3 18.
Bg5 Nxd3 19. cxd3 Rac8 20. Rb3 Qxa5 21. Nd5 Qd8 22. Nxe7+ Qxe7 23. h3 Rc5 24. Bxf6 gxf6 25.
Ra1 Qe5 26. Qe3 Rfc8 27. Rxb7 Rc3 28. Nf3 Qg3 29. Rd1 Rc2 30. Ne1 Qxe3 31. Nxc2 Rxc2 32. Rb8+ Kg7 33. Rb2 Rxb2 0-1

[Event "*** Titled Tuesday Blitz"]
[Site "Chess.com"]
[Date "2020.04.07"]
[Round "7"]
[White "Rodalquilar"]
[Black "mishanick"]
[Result "0-1"]
[WhiteElo "2622"]
[BlackElo "2997"]
[TimeControl "180+1"]
[EndTime "14:17:51 PDT"]
[Termination "mishanick won by resignation"]

1. d4 Nf6 2. Bf4 d5 3. e3 c5 4. Nf3 Nc6 5. c3 Qb6 6. Qc2 g6 7. Nbd2 Bg7 8. Be2 O-O 9. O-O Re8 10.
h3 Bf5 11. dxc5 Qxc5 12. Qb3 Na5 13. Qd1 Qb6 14. b4 Nc6 15. Nd4 Nxd4 16. cxd4 Qxb4 17.
g4 Bc8 18. Qc2 h5 19. f3 hxg4 20. hxg4 e6 21. Kg2 Qe7 22. Rh1 Nd7 23. Bd3 e5 24.
Bh6 exd4 25. exd4 Bxd4 26. Rae1 Qxe1 27. Rxe1 Rxe1 28. Bxg6 Re2+ 29. Kf1 Rf2+ 30. Ke1 Ne5 31. Bh7+ Kh8 32. Bg5 Nxf3+ 33. Nxf3 Rxc2 34. Nxd4 Kxh7 0-1

[Event "*** Titled Tuesday Blitz"]
[Site "Chess.com"]
[Date "2020.04.07"]
[Round "7"]
[White "marianokar"]
[Black "mshuaau0"]
[Result "0-1"]
[WhiteElo "2354"]
[BlackElo "2220"]
[TimeControl "180+1"]
[EndTime "14:17:52 PDT"]
[Termination "mshuaau0 won by resignation"]

1. e4 e5 2. Nf3 Nc6 3. Bb5 a6 4. Ba4 Nf6 5. O-O Be7 6. Re1 b5 7. Bb3 d6 8. d3 O-O 9. c3 Re8 10.
Nbd2 Bf8 11. Nf1 g6 12. Ng3 Bg7 13. h3 Na5 14. Bc2 c5 15. d4 cxd4 16. cxd4 exd4 17. Nxd4 Bb7 18. b3 d5 19. e5 Ne4 20. Bf4 g5 21. Be3 Bxe5 22. Qh5 Bxg3 23. fxg3 Qf6 24. Rf1 Qg6 25. Qf3 Rac8 26. Bd3 Rc3 27. Rad1 Nc6 28.
Nf5 Ne5 29. Qe2 Nxd3 30. Rxd3 Nxg3 31. Nxg3 Rxd3 32. Nf5 Rdxe3 33. Nxe3 d4 0-1

[Event "*** Titled Tuesday Blitz"]
[Site "Chess.com"]
[Date "2020.04.07"]
[Round "7"]
[White "Noam_Vitenberg"]
[Black "jncool68"]
[Result "1-0"]
[WhiteElo "2466"]
[BlackElo "2639"]
[TimeControl "180+1"]
[EndTime "14:17:53 PDT"]
[Termination "Noam_Vitenberg won by resignation"]

1. e4 c5 2. Nf3 d6 3. d4 cxd4 4. Nxd4 Nf6 5. f3 e5 6. Nb3 a5 7. c4 Nxe4 8. fxe4 Qh4+ 9. Kd2 a4 10. Nc3 axb3 11. g3 Qg5+ 12. Ke1 Qd8 13. Qxb3 Nc6 14.
Be3 Be7 15. Nd5 O-O 16. h4 f5 17. Bb6 Qd7 18. Bh3 g6 19. Rd1 Bd8 20. exf5 gxf5 21. Bxd8 Qxd8 22. Nb6 Ra6 23. c5+ Kh8 24. Rxd6 Qe8 25.
Qd5 Nd4 26. Nxc8 Rxa2 27. Qxa2 Qb5 28. Rxd4 exd4 29. Qe6 Qb4+ 30. Kf2 Qxc5 31. Ne7 d3+ 32. Kf3 f4 33. gxf4 d2 34. Bf5 1-0

[Event "*** Titled Tuesday Blitz"]
[Site "Chess.com"]
[Date "2020.04.07"]
[Round "7"]
[White "Coiote53"]
[Black "Sawyer2908"]
[Result "0-1"]
[WhiteElo "2369"]
[BlackElo "2534"]
[TimeControl "180+1"]
[EndTime "14:17:53 PDT"]
[Termination "Sawyer2908 won by resignation"]

1. e4 c5 2. Nf3 Nc6 3. Nc3 g6 4. d4 cxd4 5. Nxd4 Bg7 6. Be3 Nf6 7. Bc4 O-O 8. Bb3 Re8 9. f3 e6 10. f4 Nd5 11. exd5 exd5 12. Kf2 Rxe3 13. Nxc6 bxc6 14.
Kxe3 d4+ 15. Kf3 dxc3 16. bxc3 d5 17. Qd2 Bf5 18. Rhd1 Be4+ 19. Kf2 Qa5 20. Rab1 Bxc3 21. Qe3 Bb4 22. Qe2 Bc5+ 23. Kf1 Qc3 24. Qd2 Qf6 25. Re1 Re8 26. g3 Qf5 27. Rxe4 Qxe4 28. Qg2 Qe3 29. Rd1 a5 30. Ba4 Re6 31. Bb3 Qc3 32. Qd2 Qf3+ 0-1

[Event "*** Titled Tuesday Blitz"]
[Site "Chess.com"]
[Date "2020.04.07"]
[Round "7"]
[White "UCantHandleDenker"]
[Black "Eltarolo"]
[Result "1-0"]
[WhiteElo "2493"]
[BlackElo "2320"]
[TimeControl "180+1"]
[EndTime "14:17:54 PDT"]
[Termination "UCantHandleDenker won on time"]

1. Nf3 d5 2. g3 Nf6 3. Bg2 c5 4. O-O Nc6 5. d3 Bg4 6. Nbd2 Qd7 7. h3 Bxh3 8. c4 d4 9. Ng5 Bxg2 10. Kxg2 e5 11. Rh1 Be7 12. a3 h6 13. Rb1 Rf8 14. Ngf3 O-O-O 15. b4 cxb4 16. axb4 Bxb4 17. Nxe5 Nxe5 18.
Rxb4 Qc6+ 19. f3 Neg4 20. Nb3 Ne3+ 21. Bxe3 dxe3 22. Na5 Qc5 23. Rb5 Qd4 24. Nxb7 Rd7 25. Nc5 Rc7 26. Qb3 Rxc5 27. Rb8+ Kd7 28. Rxf8 Ke7 29.
Rb8 Nd7 30. Rb7 Rg5 31. Qb4+ Ke6 32. Qa4 Qd6 33. f4 Rg4 34. Rh5 1-0

[Event "*** Titled Tuesday Blitz"]
[Site "Chess.com"]
[Date "2020.04.07"]
[Round "7"]
[White "Magician4MA"]
[Black "aa175"]
[Result "1-0"]
[WhiteElo "2481"]
[BlackElo "2264"]
[TimeControl "180+1"]
[EndTime "14:17:56 PDT"]
[Termination "Magician4MA won on time"]

1. e4 c5 2. Nf3 d6 3. d4 cxd4 4. Nxd4 Nf6 5. Nc3 a6 6. Bg5 Nbd7 7. Bc4 Qb6 8. Bb3 e6 9. Qd2 Be7 10. O-O-O O-O 11. g4 Nc5 12. f3 Qc7 13. h4 b5 14.
Kb1 Bd7 15. h5 b4 16. Nce2 a5 17. Bxf6 Bxf6 18. g5 Bxd4 19. Qxd4 a4 20. Bc4 b3 21. h6 bxc2+ 22. Kxc2 e5 23. Qxd6 Qa5 24. Qxe5 Ne6 25. Qxa5 Rxa5 26. Rxd7 Rc8 27. b3 axb3+ 28. axb3 Ra2+ 29.
Kb1 1-0